 Dungeon Crawl Stone Soup version 0.23.0-28-g6fe0f4d (webtiles) character file.

Game seed: 17880327346930512755

6511 Borgoz the Ducker (level 11, 0/91 HPs)
             Began as a Ghoul Warper on Feb 25, 2019.
             Was a Follower of Ashenzari.
             Slain by a cyclops (12 damage)
             ... on level 11 of the Dungeon.
             The game lasted 00:36:24 (13115 turns).

Borgoz the Ducker (Ghoul Warper)                   Turns: 13115, Time: 00:36:25

Health: 0/91       AC: 11    Str: 16    XL:     11   Next: 0%
Magic:  15/15      EV: 14    Int:  8    God:    Ashenzari [*.....]
Gold:   506        SH:  0    Dex: 11    Spells: 12/17 levels left

rFire    . . .     SeeInvis .     - Unarmed
rCold    + . .     Gourm    .   (no shield)
rNeg     + + +     Faith    .   E - +0 ring mail
rPois    ∞         Spirit   .   h - +0 helmet (curse)
rElec    .         Reflect  .   B - +2 cloak (curse)
rCorr    .         Harm     .   (no gloves)
MR       .....                  (no boots)
Stlth    +++.......             (no amulet)
HPRegen  0.00/turn              (no ring)
MPRegen  0.14/turn              (no ring)

@: rotting
A: rotting body, claws 1, carnivore, cold resistance 1, negative energy
resistance 3, inhibited regeneration, torment resistance, unbreathing
a: Curse Item, Scrying, Renounce Religion


You were on level 11 of the Dungeon.
You worshipped Ashenzari.
Ashenzari was aware of your devotion.
You were not hungry.

You visited 2 branches of the dungeon, and saw 12 of its levels.

You collected 626 gold pieces.
You spent 120 gold pieces at shops.

Inventory:

Missiles
 d - 4 tomahawks of dispersal
 x - 12 tomahawks
 C - a throwing net (quivered)
 D - 3 tomahawks of returning
Armour
 h - a cursed +0 helmet (worn)
 B - a cursed +2 cloak (worn)
 E - a +0 ring mail (worn)
Jewellery
 y - an uncursed ring of fire
Wands
 g - a wand of clouds (5)
 i - a wand of flame (18)
 l - a wand of digging (10)
 r - a wand of enslavement (17)
 s - a wand of acid (2)
 t - a wand of polymorph (11)
 w - a wand of iceblast (5)
 F - a wand of disintegration (4)
Scrolls
 c - 2 scrolls of fog
 e - 4 scrolls of remove curse
 j - a scroll of blinking
 k - 2 scrolls of teleportation
 n - 3 scrolls of enchant weapon
 o - 2 scrolls of fear
 p - 4 scrolls of amnesia
 v - a scroll of enchant armour
 A - a scroll of magic mapping
Potions
 b - a potion of flight
 m - a potion of cancellation
 u - a potion of curing
 G - a potion of brilliance {unknown}
Comestibles
 f - 27 rations


   Skills:
 + Level 6.7 Fighting
 + Level 1.5 Throwing
 + Level 6.6 Armour
 + Level 7.9 Dodging
 + Level 6.9 Stealth
 + Level 6.9 Unarmed Combat
 + Level 3.9 Spellcasting
 - Level 3.1 Conjurations
 - Level 2.6 Translocations
 + Level 0.1 Air Magic


You had 12 spell levels left.
You knew the following spells:

 Your Spells              Type           Power        Failure   Level  Hunger
a - Blink                 Tloc           N/A          26%         2    ###....
b - Mephitic Cloud        Conj/Pois/Air  #.......     67%         3    ###....

Your spell library contained the following spells:

 Spells                   Type           Power        Failure   Level  Hunger
 Shroud of Golubria       Chrm/Tloc      #.........   41%         2    ###....
 Corona                   Hex            #......      45%         1    #......
 Gell's Gravitas          Tloc           #.........   45%         3    ###....
 Lesser Beckoning         Tloc           #.........   45%         3    ###....
 Teleport Other           Tloc           #.......     45%         3    ###....
 Poisonous Vapours        Pois/Air       #.....       58%         2    ###....
 Corpse Rot               Necr           N/A          61%         2    ###....
 Conjure Flame            Conj/Fire      #.......     63%         3    ###....
 Passage of Golubria      Tloc           N/A          86%         4    #####..
 Agony                    Necr           #.......     100%        5    ######.
 Bolt of Draining         Conj/Necr      #.........   100%        5    ######.
 Dispel Undead            Necr           #.......     100%        5    ######.
 Excruciating Wounds      Chrm/Necr      #.........   100%        5    ######.
 Freezing Cloud           Conj/Ice/Air   #.........   100%        6    #######
 Invisibility             Hex            #.......     100%        6    #######
 Ring of Flames           Chrm/Fire      #.........   100%        7    #######
 Sublimation of Blood     Necr           Unusable     N/A         2    N/A

Dungeon Overview and Level Annotations

Branches:
Dungeon (11/15)            Temple (1/1) D:5             Orc (0/2) D:10
   Lair: D:8-11

Altars:
Ashenzari
Cheibriados
Dithmenos
Elyvilon
Fedhas
Gozag
Hepliaklqana
Kikubaaqudgha
Makhleb
Nemelex Xobeh
Okawaru
Qazlal
Ru
Sif Muna
Trog
Uskayaw
Vehumet
Wu Jian
Xom
Yredelemnul
Zin
The Shining One

Shops:
D:2 *   D:8 *   D:10 [


Innate Abilities, Weirdness & Mutations

Your body is rotting away.
You thrive on raw meat.
You are immune to poison.
You have sharp fingernails.
You are carnivorous and can eat meat at any time.
Your flesh is cold resistant. (rC+)
You are immune to negative energy. (rN+++)
You do not regenerate when monsters are visible.
You are immune to unholy pain and torment.
You can survive without breathing.


Message History

You see here a scroll of enchant weapon.
A basilisk and a crocodile come into view.
You see here a scroll of enchant weapon.
The cyclops hits you!!
You claw the cyclops!
The cyclops is lightly wounded.
You scratch the cyclops.
The cyclops is moderately wounded.
The cyclops hits you!
* * * LOW HITPOINT WARNING * * *
Okay, then.
Evoke which item? (* to show all) (? for menu, Esc to quit)
Okay, then.
You barely miss the cyclops.
The cyclops is moderately wounded.
Okay, then.
You barely miss the cyclops.
The cyclops is moderately wounded.
The cyclops hits you!
You die...

#......y.#
.#........#..P
........t..P
..###..........
#...../.....H..
#...........#..
#.......# .H#
#......C##.#####.
#.....@?......#
#............##
#..<.?.........
#....#.........
#.##.#.........
... ............
.... ...##......#.
......##.##......#
...... ... ......#


You could see a cyclops and a hippogriff (wandering).

Vanquished Creatures
  Pikel (D:6)
  Maurice (D:8)
  A troll (D:10)
  Grinder (D:3)
  The ghost of Lanoc the Chopper, an amateur OpGl (D:3)
  2 hippogriffs (D:8)
  Sigmund (D:2)
  A spriggan (D:7)
  A wyvern (D:10)
  A hungry ghost (D:10)
  A slave (D:7)
  A water moccasin (D:10)
  A swamp drake (D:10)
  5 orc warriors
  4 ice beasts
  A phantom (D:8)
  A necrophage (D:7)
  2 ogres
  3 centaurs
  An eye of draining (D:10)
  2 big kobolds (D:10)
  3 bullfrogs
  3 scorpions
  A wyvern skeleton (D:7)
  6 killer bees (D:10)
  3 wights (D:9)
  A centaur zombie (D:8)
  5 crimson imps
  A jelly (D:9)
  6 hounds
  A bullfrog zombie (D:10)
  4 orc priests
  7 orc wizards
  Jessica (D:2)
  An iguana (D:8)
  Ijyb (D:5)
  Natasha (twice) (D:2)
  9 worker ants
  A centaur simulacrum (D:3)
  2 hound zombies
  2 worker ant zombies
  2 howler monkey zombies
  Robin (D:2)
  4 gnolls (D:2)
  13 adders
  A shadow imp (D:7)
  2 worker ant simulacra (D:3)
  An adder skeleton (D:4)
  An adder zombie (D:4)
  3 worms
  A dart slug (D:3)
  A leopard gecko (D:6)
  33 orcs
  9 bats
  8 giant cockroaches
  12 goblins
  11 hobgoblins
  3 jackals
  16 kobolds
  4 quokkas
  3 ball pythons
  A frilled lizard (D:1)
  A leopard gecko simulacrum (D:3)
  A leopard gecko skeleton (D:9)
  A quokka simulacrum (D:3)
  5 rats
231 creatures vanquished.

Vanquished Creatures (others)
  Menkaure (D:6)
  Natasha (D:2)
  An orc wizard (D:6)
3 creatures vanquished.

Grand Total: 234 creatures vanquished

Notes
Turn   | Place    | Note
-------+----------+-------------------------------------------
     0 | D:1      | Borgoz the Ghoul Warper began the quest for the Orb.
     0 | D:1      | Reached XP level 1. HP: 17/17 MP: 2/2
    32 | D:1      | Reached skill level 1 in Armour
    67 | D:1      | Reached skill level 2 in Dodging
   180 | D:1      | Reached XP level 2. HP: 22/24 MP: 3/3
   657 | D:2      | Reached XP level 3. HP: 28/30 MP: 4/4
   690 | D:2      | Noticed Jessica
   711 | D:2      | Killed Jessica
   711 | D:2      | Reached skill level 1 in Stealth
   735 | D:2      | Reached XP level 4. HP: 33/37 MP: 5/5
   796 | D:2      | Noticed Sigmund
   984 | D:2      | Learned a level 2 spell: Blink
  1000 | D:2      | Found Zin's Purification Station.
  1013 | D:2      | Found a glowing silver altar of Zin.
  1115 | D:2      | Killed Sigmund
  1115 | D:2      | Reached skill level 3 in Dodging
  1115 | D:2      | Reached XP level 5. HP: 16/45 MP: 6/6
  1115 | D:2      | Reached XP level 6. HP: 18/51 MP: 7/7
  1245 | D:2      | Noticed Robin
  1316 | D:2      | Noticed Natasha
  1328 | D:2      | Killed Natasha
  1405 | D:3      | Noticed Lanoc's ghost (amateur OpGl)
  1507 | D:2      | Noticed Natasha
  1513 | D:2      | Killed Natasha
  1523 | D:2      | Killed Robin
  1566 | D:3      | Found an opulent altar of Gozag.
  1734 | D:3      | Found a runed translucent gate.
  1734 | D:3      | Found a runed translucent gate.
  1734 | D:3      | Found a runed translucent gate.
  1805 | D:2      | Noticed Natasha
  1809 | D:2      | Killed Natasha
  2072 | D:3      | Found a glowing golden altar of the Shining One.
  2074 | D:3      | Found a radiant altar of Vehumet.
  2112 | D:3      | Noticed Grinder
  2152 | D:3      | Killed Grinder
  2152 | D:3      | Reached skill level 4 in Dodging
  2152 | D:3      | Reached XP level 7. HP: 38/58 MP: 8/8
  2590 | D:4      | Found a snail-covered altar of Cheibriados.
  3078 | D:5      | Entered Level 5 of the Dungeon
  3786 | D:5      | Reached XP level 8. HP: 64/64 MP: 9/9
  3916 | D:5      | Found a staircase to the Ecumenical Temple.
  3935 | Temple   | Entered the Ecumenical Temple
  4610 | D:5      | Found a blossoming altar of Fedhas.
  4736 | D:5      | Reached skill level 5 in Dodging
  4918 | D:5      | Noticed Ijyb
  4928 | D:5      | Killed Ijyb
  5666 | D:6      | Reached skill level 5 in Armour
  5792 | D:6      | Identified a scroll of acquirement
  5854 | D:6      | Reached skill level 5 in Unarmed Combat
  6064 | D:6      | Learned a level 3 spell: Mephitic Cloud
  6083 | D:6      | Identified Basuxiqi's Incunabulum of Enthralling
                  | Orientation
  6118 | D:6      | Noticed Menkaure
  6503 | D:6      | Reached XP level 9. HP: 69/69 MP: 10/10
  6504 | D:6      | Noticed Pikel
  6577 | D:7      | Reached skill level 5 in Fighting
  6786 | D:7      | Found a white marble altar of Elyvilon.
  6907 | D:7      | Found a shimmering altar of Xom.
  6933 | D:7      | Found a bloodstained altar of Trog.
  6935 | D:7      | Found a deep blue altar of Sif Muna.
  6937 | D:7      | Found a shattered altar of Ashenzari.
  7017 | D:7      | Became a worshipper of Ashenzari the Shackled
  7235 | D:7      | Reached skill level 5 in Stealth
  7291 | D:7      | Reached skill level 6 in Dodging
  7338 | D:7      | Reached skill level 1 in Conjurations
  7785 | D:7      | Found a basalt altar of Yredelemnul.
  8165 | D:8      | Found Raiph's Assorted Antiques.
  8233 | D:8      | Bought a potion of might for 120 gold pieces
  8598 | D:8      | HP: 2/73 [hippogriff (4)]
  8875 | D:8      | Found a sparkling altar of Nemelex Xobeh.
  8930 | D:8      | Noticed Maurice
  9138 | D:8      | Reached XP level 10. HP: 18/83 MP: 13/13
  9611 | D:6      | Killed Pikel
  9611 | D:6      | Reached skill level 7 in Dodging
  9614 | D:6      | Killed Menkaure
 10231 | D:3      | Killed Lanoc's ghost
 10938 | D:8      | Killed Maurice
 11022 | D:8      | Found a hazy altar of Hepliaklqana.
 11579 | D:10     | Entered Level 10 of the Dungeon
 11776 | D:10     | Reached * piety under Ashenzari
 11924 | D:10     | Found Foshryzyx's Antique Armour Shop.
 12333 | D:10     | Reached skill level 1 in Throwing
 12443 | D:10     | Found a staircase to the Orcish Mines.
 12882 | D:11     | Noticed a cyclops
 12999 | D:10     | Reached XP level 11. HP: 36/91 MP: 15/15
 13115 | D:11     | Slain by a cyclops

Skill      XL: |  1  2  3  4  5  6  7  8  9 10 |
---------------+-------------------------------+-----
Armour         | 1 2 3 4 5 6 |  6.6
Dodging        | 2 3 4 5 6 7 |  7.9
Stealth        | 1 2 3 4 5 6 |  6.9
Fighting       | 3 4 5 6 |  6.7
Unarmed Combat | 3 4 5 6 |  6.9
Spellcasting   | 2 3 |  3.9
Conjurations   | 2 3 |  3.1
Throwing       | 1 |  1.5
Translocations | |  2.6
Air Magic      | |  0.1

Action                   |  1- 3 |  4- 6 |  7- 9 | 10-12 || total
-------------------------+-------+-------+-------+-------++-------
Melee: Unarmed           |    97 |   197 |   640 |   454 ||  1388
       Punch             |       |       |    12 |    12 ||    24
Throw: Throwing net      |       |       |       |     1 ||     1
       Tomahawk          |       |       |       |     1 ||     1
 Cast: Blink             |       |       |     1 |     1 ||     2
Invok: Curse Item        |       |       |     1 |     1 ||     2
Evoke: Wand              |       |       |     4 |     4 ||     8
  Use: Potion            |     1 |     6 |     5 |     4 ||    16
       Scroll            |       |     7 |     7 |     8 ||    22
 Stab: Sleeping          |       |     5 |     6 |     4 ||    15
       Distracted        |       |       |     1 |       ||     1
  Eat: Chunk             |     9 |    19 |    34 |    49 ||   111
Armor: Leather armour    |    30 |    29 |   145 |    68 ||   272
       Ring mail         |       |       |       |    94 ||    94
Dodge: Dodged            |    58 |   102 |   361 |   340 ||   861
